 Dungeon Crawl Stone Soup version 0.23.2-33-g5129a83184 (webtiles) character file.

Game seed: 4356104988585975705

570 misha the Poker (level 7, -1/55 HPs)
             Began as a Merfolk Gladiator on July 25, 2019.
             Killed from afar by Pikel (7 damage)
             ... with a wand of acid (2)
             ... on level 4 of the Dungeon on July 26, 2019.
             The game lasted 00:15:53 (4567 turns).

misha the Poker (Merfolk Gladiator)                 Turns: 4567, Time: 00:15:54

Health: -1/55      AC:  5    Str: 16    XL:     7   Next: 34%
Magic:  7/7        EV:  9    Int:  8    God:
Gold:   192        SH:  0    Dex: 15    Spells: 6/6 levels left

rFire    . . .     SeeInvis .   a - +0 trident
rCold    . . .     Gourm    .   (no shield)
rNeg     . . .     Faith    .   q - +0 chain mail
rPois    .         Spirit   .   c - +0 helmet
rElec    .         Reflect  .   (no cloak)
rCorr    .         Harm     .   (no gloves)
MR       .....                  (no boots)
Stlth    ..........             (no amulet)
HPRegen  0.18/turn              (no ring)
MPRegen  0.10/turn              (no ring)

@: corroded
A: change form in water, swift swim, stealthy swim
a: no special abilities


You were on level 4 of the Dungeon.
You were not hungry.

You visited 1 branch of the dungeon, and saw 5 of its levels.

You collected 192 gold pieces.

Inventory:

Hand Weapons
 a - a +0 trident (weapon)
Missiles
 r - 10 tomahawks (quivered)
Armour
 c - a +0 helmet (worn)
 q - a +0 chain mail (worn)
Scrolls
 i - a scroll of enchant armour {unknown}
 j - a scroll of amnesia {unknown}
 k - 2 scrolls of noise {unknown}
 l - 2 scrolls of remove curse
 o - 2 scrolls of teleportation
 p - a scroll of fog {unknown}
 s - a scroll of fear {unknown}
Potions
 b - a potion of agility {unknown}
 e - a potion of curing
 g - a potion of heal wounds {unknown}
 h - a potion of magic {unknown}
 m - a potion of cancellation {unknown}
 n - 2 potions of flight {unknown}
Comestibles
 f - 8 rations


   Skills:
 + Level 4.6 Fighting
 + Level 7.0 Polearms
 + Level 4.2 Throwing
 + Level 6.4 Dodging


You had 6 spell levels left.
You didn't know any spells.
Your spell library contained the following spells:

 Spells                   Type           Power        Failure   Level  Hunger
 Summon Small Mammal      Summ           #...         100%        1    ##.....
 Call Imp                 Summ           #.......     100%        2    ###....
 Call Canine Familiar     Summ           #.......     100%        3    ####...
 Summon Guardian Golem    Hex/Summ       #.......     100%        3    ####...
 Summon Ice Beast         Ice/Summ       #.......     100%        4    #####..
 Summon Lightning Spire   Summ/Air       #.......     100%        4    #####..


Dungeon Overview and Level Annotations

Branches:
Dungeon (5/15)
 Temple: D:4-7

Altars:
Elyvilon
Gozag
Kikubaaqudgha
Sif Muna
Uskayaw
Xom

Annotations:
D:4 Pikel


Message History

* * * LOW HITPOINT WARNING * * *
You hit Pikel but do no damage.
Pikel is moderately wounded.
Pikel barely misses you.
Fire/throw which item? (* to show all) (? for menu, Esc to quit)
Throwing (i - inventory. (/) - cycle)
d - 2 throwing nets (quivered)
Press: ? - help, Shift-Dir - straight line, f/p - Pikel
Aim: Pikel, wielding a +1 whip of flaming, wearing a +0 robe and carrying a wand of acid (2) (moderately wounded)
You throw a throwing net. The throwing net closely misses Pikel.
The throwing net barely misses the slave.
Fire/throw which item? (* to show all) (? for menu, Esc to quit)
Throwing (i - inventory. (/) - cycle)
d - a throwing net (quivered)
Press: ? - help, Shift-Dir - straight line, f/p - Pikel
Aim: Pikel, wielding a +1 whip of flaming, wearing a +0 robe and carrying a wand of acid (2) (moderately wounded)
You throw a throwing net. The throwing net hits Pikel.
Pikel is caught in the net!
Pikel is moderately wounded.
Pikel struggles against the net.
Pikel zaps a wand.
The bolt of acid hits you!
You die...

#.#.##...##.#####.#
#........##.# #.#
#...#....##.# #.#
#.#......##.# #.#
###.#..#..#.# #.#
..#.#..##.#.# #.#
#.#.#..##...# #.#
..#.#..###..#####.#
..#.#..# #(>[pK.@.#
..#.#..# ############
..#.#..#####........#
..................#.#
..#..........#.#..#.#
...............#....#
#####.#........#..#.#
......#...........###
#####.###########.#


You could see Pikel (caught) and a slave.

Vanquished Creatures
  Grinder (D:4)
  Edmund (D:4)
  A slave (D:4)
  A howler monkey (D:4)
  An orc wizard (D:4)
  An orc priest (D:3)
  A centaur skeleton (D:4)
  A hound (D:4)
  An adder (D:3)
  2 worms
  5 dart slugs
  3 leopard geckos
  8 orcs
  2 ball pythons
  7 giant cockroaches
  9 hobgoblins
  A quokka (D:2)
  7 bats
  5 frilled lizards
  7 goblins
  2 jackal skeletons (D:4)
  9 kobolds
  A quokka skeleton (D:4)
  13 rats
90 creatures vanquished.

Vanquished Creatures (others)
  A leopard gecko (D:5)
1 creature vanquished.

Grand Total: 91 creatures vanquished

Notes
Turn   | Place    | Note
-------+----------+-------------------------------------------
     0 | D:1      | misha the Merfolk Gladiator began the quest for the Orb.
     0 | D:1      | Reached XP level 1. HP: 16/16 MP: 1/1
   271 | D:1      | Reached XP level 2. HP: 23/23 MP: 2/2
   914 | D:2      | Reached XP level 3. HP: 28/28 MP: 3/3
  1066 | D:2      | Found a hide-covered altar of Uskayaw.
  1249 | D:2      | Found a deep blue altar of Sif Muna.
  1323 | D:2      | Reached skill level 5 in Polearms
  1766 | D:3      | Reached XP level 4. HP: 24/34 MP: 4/4
  1884 | D:3      | Found a white marble altar of Elyvilon.
  1885 | D:3      | Found an opulent altar of Gozag.
  1885 | D:3      | Found an ancient bone altar of Kikubaaqudgha.
  1887 | D:3      | Found a shimmering altar of Xom.
  2227 | D:3      | Reached skill level 5 in Dodging
  2244 | D:3      | Reached XP level 5. HP: 24/41 MP: 5/5
  3247 | D:4      | Reached skill level 6 in Polearms
  3250 | D:4      | Reached XP level 6. HP: 40/48 MP: 6/6
  3786 | D:4      | Noticed Edmund
  3817 | D:4      | Killed Edmund
  3986 | D:4      | Noticed Grinder
  4006 | D:4      | Paralysed by Grinder for 4 turns
  4014 | D:4      | Paralysed by Grinder for 5 turns
  4021 | D:4      | Killed Grinder
  4021 | D:4      | Reached skill level 7 in Polearms
  4021 | D:4      | Reached XP level 7. HP: 24/55 MP: 7/7
  4534 | D:5      | Entered Level 5 of the Dungeon
  4534 | D:5      | Noticed Pikel
  4567 | D:4      | Killed from afar by Pikel

Skill      XL: |  1  2  3  4  5  6 |
---------------+-------------------+-----
Polearms       | 5 6 7 |  7.0
Fighting       | 3 4 |  4.6
Dodging        | 5 6 |  6.4
Throwing       | 3 4 |  4.2

Action                   |  1- 3 |  4- 6 |  7- 9 || total
-------------------------+-------+-------+-------++-------
Melee: Trident           |   135 |   231 |    20 ||   386
Throw: Throwing net      |       |       |     3 ||     3
  Use: Scroll            |     2 |       |     1 ||     3
       Potion            |       |     3 |     1 ||     4
 Stab: Sleeping          |     6 |     1 |       ||     7
       Distracted        |       |     1 |       ||     1
       Held in net/web   |       |       |     2 ||     2
  Eat: Chunk             |     2 |     8 |       ||    10
       Ration            |       |       |     1 ||     1
Armor: Leather armour    |    21 |    20 |       ||    41
       Chain mail        |       |    24 |    14 ||    38
       Skin              |       |    45 |       ||    45
Dodge: Dodged            |    80 |    97 |    12 ||   189
